 Dungeon Crawl Stone Soup version 0.28-b1-1-g3c77fb2ed1 (webtiles) character file.

Game seed: 3961760985445689593

1207 McKennaii the Conjurer (level 8, -5/57 HPs)
             Began as a Demigod Conjurer on Jan 29, 2022.
             Engulfed by a cloud of flame (21 damage)
             ... on level 4 of the Dungeon.
             The game lasted 00:09:40 (6717 turns).

McKennaii the Conjurer (Demigod Conjurer)           Turns: 6717, Time: 00:09:41

Health: -5/57      AC:  2    Str:  8    XL:     8   Next: 1%
Magic:  20/20      EV: 12    Int: 28    God:
Gold:   224        SH:  0    Dex: 12    Spells: 12/19 levels left

rFire   . . .      SeeInvis .   (no weapon)
rCold   + . .      Faith    .   (no shield)
rNeg    . . .      Spirit   .   a - +0 robe
rPois   .          Reflect  .   (no helmet)
rElec   .          Harm     .   x - scarf {shadows}
rCorr   .          Rampage  .   (no gloves)
Will    .....                   (no boots)
Stlth   ++........              (no amulet)
HPRegen 0.19/turn               m - ring of flight
MPRegen 0.17/turn               p - ring of protection from cold

@: flying
A: high mp 1, forlorn, divine attributes
a: no special abilities


You were on level 4 of the Dungeon.
You visited 1 branch of the dungeon, and saw 6 of its levels.
You also visited: Ossuary.

You collected 338 gold pieces.
You spent 114 gold pieces at shops.

Inventory:

Hand Weapons
 A - the +3 hand axe "Edweirum" {protect, rN+++ Str-3 Dex+5}
   (You found it on level 3 of the Dungeon)

   It grants its wielder temporary protection when it strikes (+7 to AC).
   Str:       It affects your strength (-3).
   Dex:       It affects your dexterity (+5).
   rN:        It renders you almost immune to negative energy.
Armour
 a - a +0 robe (worn)
 r - a +0 cloak
 x - a scarf of shadows (worn)
Jewellery
 m - a ring of flight (left hand)
 p - a ring of protection from cold (right hand)
 w - a ring of positive energy
 y - a ring of wizardry
Wands
 z - a wand of polymorph (3)
 B - a wand of flame (26)
Scrolls
 c - 5 scrolls of teleportation
 d - a scroll of fear {unknown}
 e - a scroll of immolation
 g - 2 scrolls of magic mapping {unknown}
 h - 7 scrolls of identify {unknown}
 i - a scroll of blinking {unknown}
 l - 2 scrolls of holy word {unknown}
 o - 4 scrolls of vulnerability {unknown}
 s - 2 scrolls of amnesia {unknown}
 v - 2 scrolls of noise {unknown}
Potions
 b - 2 potions of degeneration {unknown}
 f - 2 potions of flight {unknown}
 j - 4 potions of heal wounds {unknown}
 k - 3 potions of attraction {unknown}
 n - 2 potions of invisibility {unknown}
 q - a potion of lignification {unknown}
 t - a potion of berserk rage {unknown}
 u - 3 potions of curing {unknown}


   Skills:
 - Level 1.7 Dodging
 - Level 1.7 Stealth
 + Level 6.1 Spellcasting
 + Level 7.3 Conjurations


You had 12 spell levels left.
You knew the following spells:

 Your Spells              Type           Power      Damage    Failure   Level
a - Magic Dart            Conj           100%       1d8       1%          1
b - Searing Ray           Conj           98%        2d8       1%          2
c - Iskenderun's Mystic   Conj/Tloc      29%        2d7       13%         4

Your spell library contained the following spells:

 Spells                   Type           Power      Damage    Failure   Level
 Dazzling Flash           Conj/Hex       58%        N/A       4%          3
 Fulminant Prism          Conj/Hex       14%        3d9       13%         4


Dungeon Overview and Level Annotations

Branches:
Dungeon (6/15)            Ossuary (visited)
 Temple: D:4-7

Shops:
D:3 *


Innate Abilities, Weirdness & Mutations

You have an increased reservoir of magic. (+10% MP)
You shall have no god before yourself.
Your divine heritage dramatically boosts your attributes as you level up.


Message History

Found a dagger.
You can't see any susceptible monsters within range! (Use Z to cast anyway.)
You see here a giant cockroach corpse.
There is a stone staircase leading up here.
You see here 14 arrows.
You see here 20 arrows.
Key pressed, stopping explore.
You can't see any susceptible monsters within range! (Use Z to cast anyway.) Partly explored, can't reach some items and places.
You can't see any susceptible monsters within range! (Use Z to cast anyway.) Partly explored, can't reach some items and places.
You can't see any susceptible monsters within range! (Use Z to cast anyway.) Partly explored, can't reach some items and places.
Really fly into a travel-excluded area?
Found 8 gold pieces.
Really fly into that cloud of flame?
You are engulfed in blazing flames.
You now have 143 gold pieces (gained 9).
You now have 158 gold pieces (gained 15).
You now have 170 gold pieces (gained 12).
You now have enough gold to buy a pair of glowing boots on D:3.
You can access your shopping list by pressing '$'.
You now have 188 gold pieces (gained 18).
You now have 196 gold pieces (gained 8).
You now have 200 gold pieces (gained 4).
You now have enough gold to buy a translucent flail on D:3.
You can access your shopping list by pressing '$'.
You now have 212 gold pieces (gained 12).
You now have 224 gold pieces (gained 12).
Okay, then.
You start resting.
HP restored.
Really fly into a travel-excluded area?
Really fly into that cloud of flame?
You are engulfed in blazing flames.
You are engulfed in blazing flames.
* * * LOW HITPOINT WARNING * * *
Really fly into that cloud of flame?
You are engulfed in blazing flames.
You die...

.....#.## #.°○#
...##.##
######...######
....###
#.§§§.....☼§§.##
....#
#.§○§.....°°§..#
....#
#.○§☼.....○○§..#
....#
##########...#####.#
....# #....# #☼§§#
#.# ..).###....#
#§°☼# #.#
...........# #@§°#
#.# .######....##
##...#####.# ..#
#.....# #..........#
#.# #######
###.######## #.#
######### #.# #.#
#.......# #.# #.###
#.#####.# #.# ....#
#.#####.###.#
#<#.###.##........#


There were no monsters in sight!

Vanquished Creatures
  An ice beast (D:5)
  A necrophage (D:5)
  A centaur (D:5)
  4 elf zombies (Ossuary)
  2 scorpions (D:6)
  A water moccasin skeleton (D:3)
  A bullfrog skeleton (D:6)
  A human zombie (Ossuary)
  Crazy Yiuf (D:2)
  A hound (D:6)
  Natasha (thrice) (D:2)
  A hound zombie (Ossuary)
  4 mummies (Ossuary)
  8 gnolls
  9 adders
  A shadow imp (D:5)
  A white imp (D:6)
  A worm (D:5)
  A dart slug (D:1)
  4 orcs
  7 ball pythons
  5 endoplasms
  2 giant cockroaches (D:4)
  2 goblins
  13 hobgoblins
  8 jackals (D:1)
  5 kobolds
  A quokka (D:4)
  4 bats
  2 frilled lizards (D:1)
  A gnoll zombie (Ossuary)
  A hobgoblin zombie (Ossuary)
  2 jackal zombies (Ossuary)
  7 rats
  2 rat zombies (Ossuary)
109 creatures vanquished.

Vanquished Creatures (others)
  An endoplasm (D:4)
1 creature vanquished.

Grand Total: 110 creatures vanquished

Notes
Turn   | Place    | Note
-------+----------+-------------------------------------------
     0 | D:1      | McKennaii the Demigod Conjurer began the quest for the Orb.
     0 | D:1      | Reached XP level 1. HP: 14/14 MP: 5/5
   335 | D:1      | Reached XP level 2. HP: 20/20 MP: 3/7
   561 | D:1      | Reached skill level 4 in Conjurations
  1326 | D:2      | Reached XP level 3. HP: 23/26 MP: 6/9
  1618 | D:1      | Learned a level 2 spell: Searing Ray
  2069 | D:2      | Noticed Natasha
  2076 | D:2      | Killed Natasha
  2077 | D:2      | Reached XP level 4. HP: 23/33 MP: 3/11
  2507 | D:2      | Found a runed translucent door.
  2508 | D:2      | Noticed Crazy Yiuf
  2654 | D:2      | Noticed Natasha
  2661 | D:2      | Killed Natasha
  2710 | D:2      | Noticed Natasha
  2716 | D:2      | Killed Natasha
  2717 | D:2      | Reached XP level 5. HP: 38/38 MP: 5/13
  2887 | D:2      | Learned a level 4 spell: Iskenderun's Mystic Blast
  2891 | D:2      | Killed Crazy Yiuf
  2892 | D:2      | Reached skill level 5 in Conjurations
  3474 | D:3      | You are sucked into a shaft and drop 3 floors!
  3555 | D:6      | Reached XP level 6. HP: 25/45 MP: 10/15
  3837 | D:6      | Found a sand-covered staircase.
  3923 | Ossuary  | Entered an ossuary
  3940 | Ossuary  | Reached skill level 6 in Conjurations
  4048 | Ossuary  | Reached skill level 5 in Spellcasting
  4048 | Ossuary  | Reached XP level 7. HP: 38/50 MP: 0/17
  4612 | D:5      | Entered Level 5 of the Dungeon
  4947 | D:5      | Reached skill level 7 in Conjurations
  5686 | D:3      | Identified the +3 hand axe "Edweirum" {protect, rN+++ Str-3
                  | Dex+5}
  5990 | D:3      | Found Ynucack's Assorted Antiques.
  5997 | D:3      | Bought a scroll labelled YNUWYOKK ZUAWU for 24 gold pieces
  5997 | D:3      | Bought a scroll labelled YNUWYOKK ZUAWU for 24 gold pieces
  5997 | D:3      | Bought a scroll labelled GUCADA IMPI for 24 gold pieces
  5997 | D:3      | Bought an orange potion for 21 gold pieces
  5997 | D:3      | Bought a glowing cyan potion for 21 gold pieces
  6013 | D:3      | Reached XP level 8. HP: 57/57 MP: 15/20
  6717 | D:4      | Engulfed by a cloud of flame

Illustrated notes

Levels and vault maps discovered:
D:1:      pf_arrival_petrified_forest, layout_loops_ring,
          chequers_decorated_corner, nrook_mini_backslash,
          amcnicky_mini_corridor_feature
D:2:      layout_loops_ring, chequers_ecumenical_altar_simple,
          uniq_crazy_yiuf_cottage, uniq_natasha
D:3:      layout_basic, serial_shops, shop
D:4:      layout_loops_cross, lemuel_flame_loot_1
D:5:      layout_loops_ring, mainiacjoe_overflow_large_starburst,
          nemelex_dance_club_becter, guppyfry_early_lair_pool
D:6:      layout_loops_corners, nicolae_ossuary_entry_false_entrances

Skill      XL: |  1  2  3  4  5  6  7 |
---------------+----------------------+-----
Spellcasting   | 2 3 4 5 6 |  6.1
Conjurations   | 4 5 6 7 |  7.3
Dodging        | |  1.7
Stealth        | |  1.7

Action                   |  1- 3 |  4- 6 |  7- 9 || total
-------------------------+-------+-------+-------++-------
Melee: Unarmed           |     2 |     3 |       ||     5
 Cast: Magic Dart        |   100 |    57 |    85 ||   242
       Searing Ray       |     2 |    18 |    13 ||    33
  Use: Scroll            |       |     3 |       ||     3
Armor: Robe              |     4 |    10 |     4 ||    18
Dodge: Dodged            |    22 |    31 |    10 ||    63
